 Dungeon Crawl Stone Soup version 0.19.1 (webtiles) character file.

40 Assper the Charmwright (level 3, -3/24 HPs)
             Began as a Demonspawn Skald on Dec 1, 2016.
             Slain by SirKenneth's ghost (6 damage)
             ... on level 3 of the Dungeon.
             The game lasted 00:11:37 (1298 turns).

Assper the Charmwright (Demonspawn Skald)           Turns: 1298, Time: 00:11:38

Health: -3/24      AC:  3    Str: 13    XL:     3   Next: 30%
Magic:  6/6        EV: 10    Int: 18    God:
Gold:   57         SH:  0    Dex: 12    Spells: 1 memorised, 5 levels left

rFire  . . .     SeeInvis +     a - +0 hand axe
rCold  + + .     Gourm    .     s - +0 ring mail
rNeg   . . .     Faith    .     (no shield)
rPois  .         Spirit   .     (no helmet)
rElec  .         Reflect  .     (no cloak)
rCorr  .         Harm     .     (no gloves)
MR     .....                    (no boots)
Stlth  +.........               (no amulet)
                                w - ring of protection from cold
                                q - ring of see invisible

@: brilliant
A: talons 1, cold resistance 1, deformed body, frail 1, shaggy fur 1
a: no special abilities


You were on level 3 of the Dungeon.
You were hungry.

You visited 1 branch of the dungeon, and saw 4 of its levels.

You collected 57 gold pieces.

Inventory:

Hand Weapons
 a - a +0 hand axe (weapon)
 t - a +0 blowgun
Missiles
 l - 16 sling bullets
 m - 35 bolts
 n - 85 stones (quivered)
 u - 6 poisoned needles
Armour
 b - a +0 leather armour
 s - a +0 ring mail (worn)
Jewellery
 g - an uncursed ring of ice
 q - a ring of see invisible (left hand)
 w - a ring of protection from cold (right hand)
Scrolls
 h - a scroll of teleportation {unknown}
 k - a scroll of identify {unknown}
 o - 2 scrolls of remove curse {unknown}
Potions
 e - a potion of ambrosia {unknown}
Books
 c - a book of Battle

   Spells                             Type                      Level
   a - Infusion                       Charms                       1
   b - Shroud of Golubria             Charms/Translocation         2
   c - Song of Slaying                Charms                       2
   d - Spectral Weapon                Hexes/Charms                 3
   e - Regeneration                   Charms/Necromancy            3
Comestibles
 d - 3 bread rations
 f - a meat ration
 j - a slice of pizza
 v - a chunk of flesh


   Skills:
 * Level 2.2 Fighting
 + Level 1.9 Axes
 + Level 0.6 Throwing
 + Level 1.4 Armour
 * Level 1.5 Dodging
 + Level 0.3 Unarmed Combat
 * Level 2.1 Spellcasting
 + Level 2.9 Charms


You had 5 spell levels left.
You knew the following spells:

 Your Spells              Type           Power        Failure   Level  Hunger
a - Infusion              Chrm           ###.         1%          1    #......


Dungeon Overview and Level Annotations

Branches:
Dungeon (4/15)
 Temple: D:4-7

Altars:

Annotations:
D:3 SirKenneth's ghost, amateur DrFE


Innate Abilities, Weirdness & Mutations

You have sharp toenails.
Your flesh is cold resistant. (rC+)
Armour fits poorly on your strangely shaped body.
You are frail. (-10% HP)
You are covered in fur. (AC +1)


Message History

You closely miss the rat. The rat bites you but does no damage.
You barely miss the rat. The rat bites you but does no damage.
You closely miss the rat. Your kick misses the rat.
The rat bites you but does no damage. The rat barely misses you.
You hit the rat.
You kill the rat!
SirKenneth's ghost turns its malevolent gaze towards you.
As you read the scroll labeled JIN DOACWU, it crumbles to dust.
It is a scroll of amnesia.
Forget which spell ([?*] list [ESC] exit)?
Forget which spell ([?*] list [ESC] exit)?
Okay, then.
It was a potion of mutation.
You feel extremely strange.
You feel frail.
Your body twists and deforms.
Fur sprouts all over your body. SirKenneth's ghost hits you!
* * * LOW HITPOINT WARNING * * *
It was a potion of brilliance.
You feel clever all of a sudden. SirKenneth's ghost hits you.
You die...

........# ........#
........# ........#
........# ........#
#. .s.#
........####.####l..#
.......@..##........#
.......W..+.........#
.P........#........
.≈...............
.≈P.....##..##.##
≈.P............>#
≈≈......##..##..#
≈........##.##.)#
≈≈P###..........#


You could see SirKenneth's ghost.

Vanquished Creatures
  An adder (D:2)
  A dart slug (D:1)
  A leopard gecko (D:3)
  An orc (D:3)
  7 bats
  2 giant cockroaches (D:3)
  2 goblins (D:1)
  A hobgoblin (D:1)
  3 jackals (D:1)
  4 kobolds
  A frilled lizard (D:3)
  A rat (D:3)
25 creatures vanquished.

Notes
Turn   | Place    | Note
-------+----------+-------------------------------------------
     0 | D:1      | Assper the Demonspawn Skald began the quest for the Orb.
     0 | D:1      | Reached XP level 1. HP: 16/16 MP: 3/3
    92 | D:1      | Reached skill level 1 in Armour
   225 | D:1      | Reached skill level 1 in Dodging
   229 | D:1      | Gained mutation: Your flesh is cold resistant. (rC+) [demonic ancestry]
   229 | D:1      | Reached XP level 2. HP: 21/22 MP: 0/5
   822 | D:2      | Gained mutation: You have sharp toenails. [demonic ancestry]
   822 | D:2      | Reached XP level 3. HP: 27/27 MP: 2/6
   878 | D:2      | You fall through a shaft for 2 floors!
  1275 | D:3      | Noticed SirKenneth's ghost (amateur DrFE)
  1297 | D:3      | Gained mutation: You are frail. (-10% HP) [potion of mutation]
  1297 | D:3      | Gained mutation: Armour fits poorly on your strangely shaped body. [potion of mutation]
  1297 | D:3      | Gained mutation: You are covered in fur. (AC +1) [potion of mutation]
  1298 | D:3      | Slain by SirKenneth's ghost

Skill      XL: |  1 |
---------------+----+-----
Armour         | 1 |  1.4
Dodging        | 1 |  1.5
Fighting       | |  2.2
Axes           | |  1.9
Throwing       | |  0.6
Unarmed Combat | |  0.3
Spellcasting   | |  2.1
Charms         | |  2.9

Action                   || total
-------------------------++-------
Melee: Hand axe          ||    57
       Kick              ||     1
Throw: Stone             ||    26
 Cast: Infusion          ||    13
  Use: Potion            ||     2
       Scroll            ||     1
  Eat: Chunk             ||     1
Armor: Leather armour    ||     8
       Ring mail         ||    20
Dodge: Dodged            ||    43
